 Dungeon Crawl Stone Soup version 0.26-a0-812-g31a745ddcd (webtiles) character file.

Game seed: 8328048863467706042

441 mkm the Stinger (level 7, -6/32 HPs)
             Began as a Gargoyle Venom Mage on Nov 21, 2020.
             Killed by divine providence
             ... invoked by an orc priest
              (16 damage)
             ... on level 4 of the Dungeon.
             The game lasted 00:26:38 (4794 turns).

mkm the Stinger (Gargoyle Venom Mage)               Turns: 4794, Time: 00:26:39

Health: -6/32      AC: 21    Str: 12    XL:     7   Next: 2%
Magic:  11/12      EV:  9    Int: 17    God:
Gold:   147        SH:  0    Dex: 10    Spells: 7/13 levels left

rFire    + + .     SeeInvis .   j - +0 scythe
rCold    . . .     Faith    .   (shield currently unavailable)
rNeg     + . .     Spirit   .   m - +3 scale mail {rF+}
rPois    ∞         Reflect  .   l - +2 hat
rElec    +         Harm     .   b - +2 cloak
rCorr    .         Rampage  .   (no gloves)
MR       .....                  (no boots)
Stlth    +.........             (no amulet)
HPRegen  0.10/turn              (no ring)
MPRegen  0.13/turn              (no ring)

@: no status effects
A: hooves 1, iridescent scales 1, camouflage 1, fire resistance 1, frail 1,
negative energy resistance 1, electricity resistance, unbreathing, evolution 1,
petrification resistance, rot immunity, AC +4
a: no special abilities


You were on level 4 of the Dungeon.
You visited 1 branch of the dungeon, and saw 4 of its levels.

You collected 147 gold pieces.

Inventory:

Hand Weapons
 j - a +0 scythe (weapon)
Armour
 b - a +2 cloak (worn)
 l - a +2 hat (worn)
 m - a +3 scale mail of fire resistance (worn)
 o - a +0 helmet
Jewellery
 e - an uncursed ring of stealth {unknown}
 n - an uncursed ring of ice {unknown}
Scrolls
 d - a scroll of fog
 f - a scroll of teleportation
 g - a scroll of identify
 i - 3 scrolls of remove curse
 k - a scroll of immolation
Potions
 a - a potion of haste
 c - a potion of brilliance
 h - a potion of flight


   Skills:
 + Level 0.2 Fighting
 + Level 1.9 Armour
 + Level 2.0 Dodging
 + Level 2.7 Stealth
 + Level 1.6 Unarmed Combat
 + Level 3.5 Spellcasting
 + Level 1.7 Transmutations
 + Level 1.5 Air Magic
 + Level 4.9 Poison Magic


You had 7 spell levels left.
You knew the following spells:

 Your Spells              Type           Power        Failure   Level
a - Sting                 Tmut/Pois      ##..         22%         1
b - Poisonous Vapours     Pois/Air       ##....       34%         2
c - Ignite Poison         Fire/Tmut/Pois ##......     71%         3

Your spell library contained the following spells:

 Spells                   Type           Power        Failure   Level
 Mephitic Cloud           Conj/Pois/Air  ##......     71%         3
 Olgreb's Toxic Radiance  Pois           ###.....     75%         4


Dungeon Overview and Level Annotations

Branches:
Dungeon (4/15)
 Temple: D:4-7

Altars:

Annotations:
D:4 Ijyb


Innate Abilities, Weirdness & Mutations

You are resistant to torment.
Your stone body is resilient. (AC +4)
You are immune to poison.
You resist negative energy. (rN+)
You are resistant to electric shocks. (rElec)
You can survive without breathing.
You are immune to petrification.
You are immune to rotting.
You have large cloven feet.
You are partially covered in iridescent scales. (AC +2)
Your skin changes colour to match your surroundings (Stealth+).
Your flesh is heat resistant. (rF+)
You are frail. (-10% HP)
You evolve.


Message History

The sting hits the orc priest but does no damage.
The orc priest is poisoned.
The orc priest calls down the wrath of Beogh upon you.
Pain shoots through your body!
Ijyb the Twisted Goblin comes into view.
She is carrying a wand of random effects (12).
The orc priest hits you but does no damage.
You closely miss the orc priest.
The orc priest is lightly wounded.
The orc priest hits you but does no damage.
The lemure hits you but does no damage.
You closely miss the orc. You kick the orc.
The orc is severely wounded.
The lemure hits you but does no damage.
The orc priest calls down the wrath of Beogh upon you.
Pain shoots through your body! The orc hits you but does no damage.
The lemure hits you but does no damage.
The orc priest calls down the wrath of Beogh upon you.
Beogh smites you!
Ouch! That really hurt!
You die...

...# #......######...##.## #
...#...#....### ##......#..
......##......#####o........
....##........##......###
#.....................##
..#..........o.####....##..
###..######oo# #.......#
#... ##o####†.....## .[.#.
#@o##.......# ##....##
##5....#####...
.....###..###.# ..
........### #.## ..#
.....#..# ##.# .... ...
##.## #.##...# . #..#
##......# ##[# ##......#.. .
#.###..###.....


You could see a lemure, an orc priest (poisoned) and 4 orcs.

Vanquished Creatures
  Sigmund (D:4)
  A lemure (D:4)
  A howler monkey (D:3)
  A hound (D:2)
  Jessica (D:2)
  An iguana (D:4)
  2 worker ants
  4 adders (D:2)
  2 worms (D:3)
  4 leopard geckos
  8 orcs (D:3)
  5 bats
  8 giant cockroaches
  8 goblins
  9 hobgoblins
  2 jackals (D:2)
  5 kobolds
  A quokka (D:2)
  8 frilled lizards
  8 rats
80 creatures vanquished.

Notes
Turn   | Place    | Note
-------+----------+-------------------------------------------
     0 | D:1      | mkm the Gargoyle Venom Mage began the quest for the Orb.
     0 | D:1      | Reached XP level 1. HP: 10/10 MP: 3/3
   241 | D:1      | Reached skill level 1 in Transmutations
   419 | D:1      | Reached XP level 2. HP: 9/15 MP: 0/5
   629 | D:1      | Gained mutation: You are agile. (Dex +2) [potion of
                  | mutation]
   629 | D:1      | Gained mutation: Armour fits poorly on your strangely
                  | shaped body. [potion of mutation]
   629 | D:1      | Gained mutation: Your skin changes colour to match your
                  | surroundings (Stealth+). [potion of mutation]
   887 | D:1      | Lost mutation: Armour fits poorly on your strangely shaped
                  | body. [potion of mutation]
   887 | D:1      | Lost mutation: You are agile. (Dex +2) [potion of mutation]
   887 | D:1      | Gained mutation: Your flesh is heat resistant. (rF+)
                  | [potion of mutation]
   887 | D:1      | Gained mutation: You are partially covered in iridescent
                  | scales. (AC +2) [potion of mutation]
   887 | D:1      | Gained mutation: You are frail. (-10% HP) [potion of
                  | mutation]
   887 | D:1      | Gained mutation: You evolve. [potion of mutation]
   925 | D:1      | Learned a level 2 spell: Poisonous Vapours
  1466 | D:2      | Reached XP level 3. HP: 11/17 MP: 0/6
  1833 | D:2      | Noticed Jessica
  1839 | D:2      | Killed Jessica
  1839 | D:2      | Reached skill level 4 in Poison Magic
  1839 | D:2      | Reached XP level 4. HP: 19/21 MP: 0/7
  2093 | D:2      | Reached XP level 5. HP: 21/25 MP: 4/9
  2472 | D:2      | Learned a level 3 spell: Ignite Poison
  2513 | D:2      | Gained mutation: You have large cloven feet. [evolution]
  2947 | D:3      | Reached skill level 1 in Air Magic
  3826 | D:4      | Noticed Sigmund
  3848 | D:4      | Killed Sigmund
  3848 | D:4      | Reached skill level 1 in Unarmed Combat
  3848 | D:4      | Reached XP level 6. HP: 12/28 MP: 8/11
  4314 | D:4      | Reached skill level 1 in Armour
  4729 | D:3      | Reached XP level 7. HP: 29/32 MP: 9/12
  4791 | D:4      | Noticed Ijyb
  4794 | D:4      | Killed from afar by an orc priest

Illustrated notes

Levels and vault maps discovered:
D:1:      dpeg_arrival_shelter, layout_loops_corners
D:2:      layout_basic, uniq_jessica
D:3:      layout_loops_ring
D:4:      layout_layer_cave, uniq_ijyb, uniq_sigmund, uniq_purgy, uniq_pikel

Skill      XL: |  1  2  3  4  5  6 |
---------------+-------------------+-----
Transmutations | 1 |  1.7
Poison Magic   | 4 |  4.9
Spellcasting   | 3 |  3.5
Air Magic      | 1 |  1.5
Dodging        | 2 |  2.0
Unarmed Combat | 1 |  1.6
Armour         | 1 |  1.9
Fighting       | |  0.2
Stealth        | |  2.7

Action                   |  1- 3 |  4- 6 |  7- 9 || total
-------------------------+-------+-------+-------++-------
Melee: Unarmed           |   106 |   122 |       ||   228
       Kick              |       |    25 |     1 ||    26
       Scythe            |       |    27 |     4 ||    31
 Cast: Sting             |    33 |    36 |     1 ||    70
       Poisonous Vapours |     2 |    33 |       ||    35
  Use: Scroll            |     4 |     4 |       ||     8
       Potion            |     5 |     4 |       ||     9
Armor: Skin              |    26 |    12 |       ||    38
       Robe              |     8 |    28 |       ||    36
       Scale mail        |       |    73 |     6 ||    79
Dodge: Dodged            |    81 |   122 |     2 ||   205

Table legend: (Time is in decaauts)
 A = Elapsed time spent in this place.
 B = Non-inter-level travel time spent in this place.
 C = Inter-level travel time spent in this place.
 D = Time resting spent in this place.
 E = Time spent auto-exploring this place.
 F = Levels seen in this place.
 G = Mean time per level.
                   A        B        C        D        E       F      G
               +--------+--------+--------+--------+--------+-----+--------+
         Total |   4809 |   4728 |     81 |    241 |   3462 |   4 | 1202.2 |
       Dungeon |   4809 |   4728 |     81 |    241 |   3462 |   4 | 1202.2 |
               +--------+--------+--------+--------+--------+-----+--------+

Top non-repeatable levels by time:
     D:1: 1456 daAuts
     D:3: 1356 daAuts
     D:2: 1212 daAuts
     D:4: 784 daAuts
